 Dungeon Crawl Stone Soup version 0.20.1-1-g8b1a95d (webtiles) character file.

95 Megalobster the Shield-Bearer (level 4, 0/42 HPs)
             Began as a Deep Dwarf Fighter on Aug 1, 2017.
             Slain by Sigmund
             ... wielding a +0 scythe
              (5 damage)
             ... on level 2 of the Dungeon.
             The game lasted 00:03:15 (1075 turns).

Megalobster the Shield-Bearer (Deep Dwarf Fighter)  Turns: 1075, Time: 00:03:16

Health: 0/42       AC:  8    Str: 25    XL:     4   Next: 39%
Magic:  4/4        EV:  7    Int:  9    God:
Gold:   59         SH:  0    Dex: 12    Spells: 3/3 levels left

rFire    . . .     SeeInvis .   a - +0 war axe
rCold    . . .     Gourm    .   s - +0 shield
rNeg     . . .     Faith    .   b - +0 scale mail
rPois    .         Spirit   .   (no helmet)
rElec    .         Reflect  .   (no cloak)
rCorr    .         Harm     .   l - +0 pair of gloves
MR       .....                  (no boots)
Stlth    ..........             (no amulet)
Regen    0.0/turn               (no ring)
MPRegen  0.1/turn               (no ring)

@: confused, mighty, non-regenerating
A: damage resistance, heal wounds, sense surroundings 1, no regeneration
a: Heal Wounds


You were on level 2 of the Dungeon.
You were not hungry.

You visited 1 branch of the dungeon, and saw 2 of its levels.

You collected 59 gold pieces.

Inventory:

Hand Weapons
 a - a +0 war axe (weapon)
Missiles
 n - 59 stones (quivered)
Armour
 b - a +0 scale mail (worn)
 c - a +0 shield
 l - a +0 pair of gloves (worn)
 m - a +0 ring mail
 p - a +0 scale mail
 s - a +0 shield (worn)
Scrolls
 e - a scroll of blinking {unknown}
 g - a scroll of remove curse {unknown}
 h - a scroll of identify {unknown}
Potions
 i - 2 potions of flight {unknown}
 j - a potion of magic {unknown}
 k - a potion of berserk rage {unknown}
 o - a potion of resistance {unknown}
 r - a potion of mutation {unknown}
Comestibles
 f - 2 bread rations
 q - 9 chunks of flesh
 t - a meat ration


   Skills:
 + Level 3.3 Fighting
 * Level 3.6 Axes
 + Level 3.7 Armour
 + Level 3.8 Shields


You had 3 spell levels left.
You didn't know any spells.

Dungeon Overview and Level Annotations

Branches:
Dungeon (2/15)

Altars:
Nemelex Xobeh

Annotations:
D:2 Sigmund


Innate Abilities, Weirdness & Mutations

You are resistant to damage.
You can heal yourself by infusing magical energy.
You passively map a small area around you.
You do not regenerate.


Message History

Sigmund the Dreaded comes into view.
He is wielding a scythe.
Sigmund drinks a potion.
Sigmund suddenly seems more agile.
You barely miss the worm.
Your shield and scale mail prevent you from hitting the worm.
You block Sigmund's attack. The worm bites you.
* * * LOW HITPOINT WARNING * * *
You slash the worm!
The worm is heavily wounded.
You block Sigmund's attack. The worm barely misses you.
You feel very mighty all of a sudden. The worm bites you but does no damage.
Sigmund casts a spell at you.
You are confused.
Sigmund points at you and mumbles some strange words.
The puff of flame hits you!
* * * LOW HITPOINT WARNING * * *
The worm bites you!
* * * LOW HITPOINT WARNING * * *
Sigmund hits you with a scythe.
You die...

...... , #.##.#** * ..#
#.##.####### ###..##
#...........,* #.#...,
#.##.###### #....#
.........#######...%#
#.##................# #
....)....###...@.w..# ,.#
#.##..#..###.###@...##..#
#.##..#..##......?......#
#.##).#
.##..###....##..##
#.##..# .................
#.#...#..##.####....##..#
*
......#.............##..#
#........##.####....##..#
#.#...##.# .........##..#
#.......................#


You could see Sigmund and a worm.

Vanquished Creatures
  6 adders (D:2)
  2 dart slugs
  2 giant cockroaches
  4 goblins
  3 hobgoblins
  7 jackals (D:1)
  A quokka (D:2)
  4 bats (D:1)
  3 frilled lizards (D:1)
  4 kobolds
  3 rats
39 creatures vanquished.

Notes
Turn   | Place    | Note
-------+----------+-------------------------------------------
     0 | D:1      | Megalobster the Deep Dwarf Fighter began the quest for the Orb.
     0 | D:1      | Reached XP level 1. HP: 20/20 MP: 1/1
    62 | D:1      | Reached XP level 2. HP: 24/27 MP: 2/2
   693 | D:2      | Found a sparkling altar of Nemelex Xobeh.
   716 | D:2      | Reached XP level 3. HP: 26/34 MP: 3/3
  1037 | D:2      | Reached XP level 4. HP: 18/42 MP: 4/4
  1069 | D:2      | Noticed Sigmund
  1075 | D:2      | Slain by Sigmund

Skill      XL: |  1  2 |
---------------+-------+-----
Fighting       | 3 |  3.3
Axes           | 3 |  3.6
Armour         | |  3.7
Shields        | |  3.8

Action                   |  1- 3 |  4- 6 || total
-------------------------+-------+-------++-------
Melee: War axe           |   117 |    13 ||   130
  Use: Potion            |       |     1 ||     1
  Eat: Chunk             |     1 |       ||     1
Armor: Scale mail        |    72 |    14 ||    86
Dodge: Dodged            |    36 |     9 ||    45
Block: Shield            |    67 |    11 ||    78
